 Dungeon Crawl Stone Soup version 0.17-a0-989-gada8a91 (console) character file.

3955 Monkaria the Carver (level 10, 0/72 (74) HPs)
             Began as a Demonspawn Chaos Knight on May 12, 2015.
             Splashed by a jelly's acid (6 damage)
             ... on level 8 of the Dungeon.
             The game lasted 00:20:59 (10053 turns).

Monkaria the Carver (Demonspawn Chaos Knight)      Turns: 10053, Time: 00:21:00

HP:   0/72 (74)     AC: -1    Str: 17    XL:     10   Next: 2%
MP:   10/10         EV: 13    Int: 16    God:    Xom [..*...]
Gold: 329           SH:  0    Dex: 11    Spells: 0 memorised, 9 levels left

rFire  . . .     SeeInvis .     q - +2 scimitar
rCold  + . .     Clarity  .     b - +2 leather armour
rNeg   . . .     SustAb   .     (no shield)
rPois  .         Gourm    +     (no helmet)
rElec  .         Spirit   .     F - +1 cloak {MR+}
rCorr  .         Warding  .     (no gloves)
rMut   .         Stasis   .     w - +0 pair of boots
MR     +....                    r - amulet of the gourmand
Stlth  ++........               I - ring of stealth
                                A - +3 ring of intelligence

@: corroded equipment, somewhat resistant to hostile enchantments, unstealthy
A: hooves 2, rough black scales 1, cold resistance 1, screaming 1
a: Renounce Religion


You were on level 8 of the Dungeon.
You worshipped Xom.
You were a toy of Xom.
You were very full.

You visited 2 branches of the dungeon, and saw 9 of its levels.
You also visited: Ossuary.

You collected 441 gold pieces.
You spent 112 gold pieces at shops.

Inventory:

Hand weapons
 a - a +0 falchion of chaos
 q - a +2 scimitar (weapon)
 s - a +0 great sword
 v - the +5 battleaxe of the Evil Eye {elec, +Inv rElec Dex-3}
   (You found it in an ossuary)

   Occasionally, upon striking a foe, it will discharge some electrical energy
   and cause terrible harm.
   It affects your dexterity (-3).
   It insulates you from electricity.
   It lets you turn invisible.
Missiles
 N - 7 curare-tipped needles
 P - 2 throwing nets (quivered)
Armour
 b - a +2 leather armour (worn)
 f - a +0 pearl dragon armour
 w - a +0 pair of boots (worn)
 F - a +1 cloak of magic resistance (worn)
Magical staves
 K - an uncursed staff of poison
Jewellery
 r - an amulet of the gourmand (around neck)
 A - a +3 ring of intelligence (left hand)
 I - a ring of stealth (right hand)
Magical devices
 d - a wand of heal wounds (4)
 y - a wand of lightning (3)
 D - a wand of polymorph (19)
 Q - a wand of digging (14)
Scrolls
 e - 6 scrolls of immolation
 i - 2 scrolls of enchant armour
 k - a scroll of fear
 l - 5 scrolls of remove curse
 o - 2 scrolls of brand weapon {unknown}
 z - 3 scrolls of teleportation
 M - a scroll of noise {unknown}
 O - a scroll of identify
Potions
 g - 2 potions of flight
 h - 3 potions of mutation {unknown}
 m - 2 potions of cancellation
 t - 5 potions of curing
 x - a potion of resistance
 B - 3 potions of haste
 C - 2 potions of brilliance {unknown}
 E - a potion of agility
 G - 4 potions of berserk rage
 H - a potion of lignification {unknown}
 J - a potion of invisibility {unknown}
 L - 3 potions of poison {unknown}
Books
 j - a book of Geomancy

   Spells                             Type                      Level
   a - Sandblast                      Earth                        1
   b - Stoneskin                      Transmutation/Earth          2
   c - Passwall                       Transmutation/Earth          3
   d - Stone Arrow                    Conjuration/Earth            3
   e - Petrify                        Transmutation/Earth          4
   f - Lee's Rapid Deconstruction     Earth                        5
 R - a book of the Warp

   Spells                             Type                      Level
   a - Recall                         Summoning/Translocation      3
   b - Gell's Gravitas                Hexes/Translocation          3
   c - Control Teleport               Charms/Translocation         4
   d - Force Lance                    Conjuration/Translocation    4
   e - Phase Shift                    Translocation                5
   f - Warp Weapon                    Charms/Translocation         5
   g - Summon Forest                  Summoning/Translocation      5
Comestibles
 c - 6 bread rations
 n - 2 slices of pizza
 p - 2 beef jerkies
 u - 4 meat rations


   Skills:
 - Level 5.0 Fighting
 - Level 10.0 Long Blades
 + Level 6.7 Armour
 - Level 5.3 Dodging


You had 9 spell levels left.
You didn't know any spells.

Dungeon Overview and Level Annotations

Branches:
Dungeon (8/15)             Temple (1/1) D:7
   Lair: D:8-11

Altars:
Cheibriados
Dithmenos
Elyvilon
Fedhas
Gozag
Kikubaaqudgha
Makhleb
Nemelex Xobeh
Okawaru
Ru
Sif Muna
Trog
Vehumet
Xom
Yredelemnul
Zin
The Shining One

Shops:
D:4 [


Innate Abilities, Weirdness & Mutations

You have hoof-like feet.
You are partially covered in rough black scales (AC +4, Dex -1).
Your flesh is cold resistant.
You occasionally shout uncontrollably at your foes.


Message History

The jelly is lightly wounded.
The ooze hits you. The jelly hits you.
You are splashed with acid!
The acid burns!
The jelly hits you.
You are splashed with acid!
The acid burns!
* * * LOW HITPOINT WARNING * * *
You hit the jelly but do no damage. The acid corrodes your equipment!
The jelly is lightly wounded.
The ooze jiggles.
The ooze closely misses you. The jelly hits you.
* * * LOW HITPOINT WARNING * * *
You are splashed with acid!
The acid burns!
* * * LOW HITPOINT WARNING * * *
You hit the jelly.
The jelly is moderately wounded.
The jelly closely misses you. The ooze hits you.
* * * LOW HITPOINT WARNING * * *
The jelly hits you.
* * * LOW HITPOINT WARNING * * *
You are splashed with acid!
The acid corrodes your equipment!
The acid burns!
You die...
Xom is highly amused!

#.####### #.# #.# ##
#.# #. ## ###### #.#
#. #. .##..#
#)######.
#J#.##..###......#. #
#JJJ##..'.5........
#≈##@##≈..#.#......#.
#.≈5≈.≈...#.##.##..#.
##........#.##.##..#+
#........#.##.###...
#####'####..........
#.........###...
######.#### #... #.#
##... #.#####....


You could see 3 jellies, an ooze and a friendly iron imp.

Vanquished Creatures
  Grum (D:8)
  3 wolves (D:8)
  Menkaure (D:6)
  2 orc warriors
  3 necrophages
  An ice beast (D:5)
  5 ogres
  4 giant frogs
  2 centaurs
  A brain worm (D:8)
  5 killer bees (D:5)
  4 scorpions
  5 wights (D:6)
  A wasp zombie (D:8)
  3 crimson imps
  3 orc priests
  A giant frog zombie (D:8)
  A centaur skeleton (D:5)
  3 hounds
  A quasit (D:8)
  A human zombie (Ossuary)
  An orc wizard (D:6)
  Jessica (D:3)
  Terence (D:3)
  An iguana (D:6)
  4 worker ants
  A big kobold zombie (Ossuary)
  3 hound skeletons
  4 mummies (Ossuary)
  A gnoll (shapeshifter) (D:4)
  4 gnolls (D:8)
  7 adders
  2 shadow imps
  3 oozes
  2 adder skeletons
  4 adder zombies
  2 worms
  8 giant geckos
  16 orcs
  A ball python (shapeshifter) (D:4)
  2 ball pythons (D:4)
  10 bats
  2 gnoll zombies (Ossuary)
  11 goblins
  14 hobgoblins
  9 jackals
  8 giant cockroaches
  7 giant newts
  18 kobolds
  A kobold zombie (Ossuary)
  An orc zombie (Ossuary)
  3 quokkas
  12 rats
  A rat zombie (Ossuary)
  A bush (D:1)
217 creatures vanquished.

Vanquished Creatures (collateral kills)
  The ghost of Somebody the Fighter, an experienced OgCK of Xom (D:4)
  Eustachio (D:4)
  A scorpion (D:4)
  An iguana (D:4)
  4 oozes
  2 orcs
  A ball python (D:4)
  A bat skeleton (D:4)
  3 goblins
  A hobgoblin (D:4)
  2 jackals (D:3)
  A quokka (D:4)
  A giant cockroach (D:3)
  A giant newt (D:4)
21 creatures vanquished.

Vanquished Creatures (others)
  A quasit (D:8)
  An iron imp (D:4)
  2 shadow imps
  A white imp (D:8)
  A kobold zombie (Ossuary)
  2 rat zombies (Ossuary)
  A butterfly (D:6)
9 creatures vanquished.

Grand Total: 247 creatures vanquished

Notes
Turn   | Place    | Note
--------------------------------------------------------------
     0 | D:1      | Monkaria the Demonspawn Chaos Knight began the quest for the Orb.
     0 | D:1      | Reached XP level 1. HP: 18/18 MP: 1/1
    22 | D:1      | XOM: harmless Ice miscast
    27 | D:1      | XOM: swap monsters
    94 | D:1      | Gained mutation: You have large cloven feet. [demonic ancestry]
    94 | D:1      | Reached XP level 2. HP: 17/24 MP: 2/2
   251 | D:1      | XOM: 1-stop teleportation journey
   637 | D:1      | XOM: mild Pois miscast
   766 | D:1      | Reached XP level 3. HP: 27/29 MP: 3/3
   811 | D:1      | XOM: divination: detect items
   924 | D:1      | XOM: cast spell 'Spider Form'
  1116 | D:2      | Reached skill level 4 in Long Blades
  1139 | D:2      | Found an iron altar of Okawaru.
  1521 | D:2      | Found a shadowy altar of Dithmenos.
  1521 | D:2      | Found an opulent altar of Gozag.
  1525 | D:2      | Found a blossoming altar of Fedhas.
  1534 | D:2      | XOM: harmless Chrm miscast
  1696 | D:3      | XOM: medium Tloc miscast
  1699 | D:3      | XOM: summons friendly quasit
  1704 | D:3      | Gained mutation: Your flesh is cold resistant. [demonic ancestry]
  1704 | D:3      | Reached XP level 4. HP: 19/35 MP: 4/4
  1863 | D:3      | XOM: divination: detect creatures
  1916 | D:3      | Noticed a scorpion
  1935 | D:3      | Killed a scorpion
  1935 | D:3      | Reached skill level 5 in Long Blades
  1935 | D:3      | Reached XP level 5. HP: 16/41 MP: 5/5
  2371 | D:3      | XOM: enchant monster (bad)
  2599 | D:3      | Noticed Jessica
  2617 | D:3      | XOM: summons 2 friendly demons
  2619 | D:3      | Killed Jessica
  2663 | D:3      | XOM: cast spell 'Call Canine Familiar'
  2749 | D:3      | XOM: 5-stop teleportation journey
  2805 | D:3      | Noticed Terence
  2822 | D:3      | Killed Terence
  2843 | D:3      | Reached skill level 6 in Long Blades
  2849 | D:3      | XOM: scenery: 1 doors open
  3317 | D:4      | XOM: polymorph worker ant -> giant eyeball
  3337 | D:4      | Gained mutation: You have hoof-like feet. [demonic ancestry]
  3337 | D:4      | Reached XP level 6. HP: 47/47 MP: 6/6
  3342 | D:4      | Noticed Somebody's ghost (experienced OgCK)
  3538 | D:3      | Gained mutation: You occasionally shout uncontrollably at your foes. [mutagenic meat]
  3544 | D:4      | XOM: summons friendly iron imp
  3550 | D:4      | XOM: summons 5 friendly demons
  3556 | D:4      | XOM: potion effect (heal wounds)
  3564 | D:4      | Killed Somebody's ghost
  3801 | D:4      | Gained mutation: You are partially covered in rough black scales (AC +4, Dex -1). [demonic ancestry]
  3801 | D:4      | Reached XP level 7. HP: 52/52 MP: 7/7
  3824 | D:4      | Noticed Menkaure
  3916 | D:4      | Noticed Eustachio
  3935 | D:4      | Killed Eustachio
  4165 | D:4      | Reached skill level 5 in Fighting
  4222 | D:4      | Reached skill level 1 in Dodging
  4410 | D:4      | Found Achix's Antique Armour Emporium.
  4419 | D:4      | Bought a glowing cloak for 112 gold pieces
  4434 | D:4      | XOM: noise
  4469 | D:5      | Entered Level 5 of the Dungeon
  4618 | D:5      | Found a white marble altar of Elyvilon.
  4744 | D:5      | XOM: cast spell 'Dragon Form'
  4755 | D:5      | Reached XP level 8. HP: 52/62 MP: 8/8
  4760 | D:5      | XOM: vitrification
  4771 | D:5      | XOM: divination: magic mapping
  5165 | D:5      | XOM: cast spell 'Summon Butterflies'
  5275 | D:6      | Reached skill level 5 in Dodging
  5395 | D:6      | XOM: 1-stop teleportation journey
  5438 | D:6      | Found a radiant altar of Vehumet.
  5438 | D:6      | XOM: 6-stop teleportation journey
  5526 | D:6      | Killed Menkaure
  5541 | D:6      | Found an ancient bone altar of Kikubaaqudgha.
  5602 | D:6      | XOM: potion effect (berserk rage)
  5603 | D:6      | XOM: fog
  5614 | D:6      | XOM: destruction
  5639 | D:6      | HP: 2/62 [orc priest/war axe (6)]
  5646 | D:6      | Reached skill level 7 in Long Blades
  5651 | D:6      | XOM: mild Fire miscast
  5652 | D:6      | Noticed a fire vortex
  5708 | D:6      | XOM: give mutations
  5708 | D:6      | Gained mutation: You are occasionally teleported to nearby monsters. [Xom's mischief]
  5708 | D:6      | Lost mutation: You are occasionally teleported to nearby monsters. [Xom's mischief]
  5713 | D:6      | XOM: confusion (+ monsters)
  5716 | D:6      | XOM: silly message
  5810 | D:6      | XOM: 7-stop teleportation journey
  5924 | D:6      | XOM: vitrification
  6003 | D:6      | XOM: confuse monster(s)
  6015 | D:6      | Reached skill level 8 in Long Blades
  6104 | D:6      | Reached XP level 9. HP: 68/68 MP: 9/9
  6157 | D:6      | XOM: enchant monster (bad)
  6158 | D:6      | XOM: butterfly on damage
  6771 | D:7      | Found a sand-covered staircase.
  6797 | Ossuary  | Entered an ossuary
  6807 | Ossuary  | XOM: noise
  6813 | Ossuary  | XOM: enchant monster (bad)
  6815 | Ossuary  | XOM: 1-stop teleportation journey
  6851 | Ossuary  | Reached skill level 9 in Long Blades
  6921 | Ossuary  | XOM: harmless Summ miscast
  7071 | Ossuary  | Got a steaming battleaxe
  7352 | D:7      | Found a staircase to the Ecumenical Temple.
  7382 | Temple   | Entered the Ecumenical Temple
  7792 | D:7      | XOM: vitrification
  7876 | D:7      | Found a glowing golden altar of the Shining One.
  7876 | D:7      | XOM: 5-stop teleportation journey
  8102 | D:7      | Found a deep blue altar of Sif Muna.
  8129 | D:7      | XOM: polymorph orc -> giant gecko
  8453 | D:7      | XOM: scenery: 1 doors open
  8722 | D:7      | Identified the +5 battleaxe of the Evil Eye {elec, +Inv rElec Dex-3} (You found it in an ossuary)
  8883 | D:8      | Reached skill level 10 in Long Blades
  8929 | D:8      | Noticed Grum
  8937 | D:8      | XOM: summons friendly white imp
  8940 | D:8      | XOM: summons 2 friendly demons
  8942 | D:8      | XOM: smoke on damage
  8950 | D:8      | Reached skill level 5 in Armour
  8954 | D:8      | XOM: god gift: metal-bound book {god gift}
  9250 | D:7      | XOM: enchant monster (good)
  9365 | D:8      | Found a snail-covered altar of Cheibriados.
  9886 | D:8      | XOM: vitrification
  9913 | D:8      | Killed Grum
 10012 | D:8      | XOM: summons friendly iron imp
 10018 | D:8      | Reached XP level 10. HP: 61/72 MP: 10/10
 10053 | D:8      | Splashed by a jelly's acid

Vault maps used:
D:1:      onia_arrival_pentagram, serial_forest, infiniplex_forest_lined_room_2,
          infiniplex_forest_clump_long, infiniplex_forest_clump_medium,
          infiniplex_forest_clump_long, infiniplex_forest_straight_3,
          infiniplex_forest_lined_corner, infiniplex_forest_lined_3,
          infiniplex_forest_3_way, infiniplex_forest_straight_1,
          infiniplex_forest_straight_4, minmay_misc_feat_rows, minmay_liquid_box
D:2:      okawaru_gym_becter, gammafunk_temple_overflow_claw, first_bread
D:3:      uniq_terence, uniq_jessica
D:4:      serial_shops, nicolae_shop_crystal, uniq_eustachio, uniq_menkaure
D:5:      elyvilon_altar_5
D:6:      nicolae_overflow_hidden_temple, lemuel_doored_altar
D:7:      old_standard_altar, kennysheep_mini_moat, minmay_temple_entry_grid,
          lightli_ossuary_entry_decrepit_ruins
D:8:      overflow_temple_1_default, hangedman_little_slice_of_home, uniq_grum
Temple:   temple_island_7
Ossuary:  ossuary_minmay_tomb_2a

Action                   |  1- 3 |  4- 6 |  7- 9 | 10-12 || total
-------------------------+-------+-------+-------+-------++-------
Melee: Falchion          |   272 |   149 |   345 |       ||   766
       Unarmed           |       |       |    22 |       ||    22
       Scimitar          |       |       |   251 |    20 ||   271
Throw: Throwing net      |       |       |     1 |       ||     1
Evoke: Wand              |       |       |     1 |       ||     1
  Use: Potion            |       |     5 |     1 |       ||     6
       Scroll            |       |       |    19 |       ||    19
 Stab: Petrified         |       |       |     3 |       ||     3
       Confused          |       |       |     3 |       ||     3
       Paralysed         |       |       |     3 |       ||     3
       Petrifying        |       |       |     1 |       ||     1
       Held in net/web   |       |       |     1 |       ||     1
       Sleeping          |       |       |     1 |       ||     1
       Distracted        |       |       |       |     1 ||     1
  Eat: Chunk             |     3 |    27 |    21 |       ||    51
